 Dungeon Crawl Stone Soup version 0.18-a0-670-g393520a (webtiles) character file.

2485 Proton the Chopper (level 9, -1/71 HPs)
             Began as a Formicid Fighter on Dec 6, 2015.
             Was an Initiate of Ru.
             Slain by Grum
             ... wielding a +1 spear
              (10 damage)
             ... on level 9 of the Dungeon.
             The game lasted 00:10:32 (6117 turns).

Proton the Chopper (Formicid Fighter)               Turns: 6117, Time: 00:10:32

Health: -1/71      AC: 16    Str: 24 (25) XL:     9   Next: 81%
Magic:  9/9        EV:  8    Int:  7      God:    Ru [......]
Gold:   249        SH: 11    Dex: 10      Spells: 0 memorised, 8 levels left

rFire  . . .     SeeInvis +     L - +2 war axe (venom)
rCold  . . .     Clarity  .     H - +0 plate armour
rNeg   + + .     SustAt   .     c - +0 shield
rPois  .         Gourm    .     (helmet unavailable)
rElec  .         Spirit   .     g - +0 cloak (curse)
rCorr  .         Dismiss  .     h - +0 pair of gloves
rMut   .         Stasis   +     (no boots)
MR     .....                    (no amulet)
Stlth  ..........               B - ring of positive energy
                                o - ring of positive energy

@: not resistant to hostile enchantments, extremely unstealthy
A: permanent stasis, dig shafts and tunnels, four strong arms, antennae 3,
deterioration 1, shaggy fur 1
a: Dig, Shaft Self, Renounce Religion


You were on level 9 of the Dungeon.
You worshipped Ru.
Ru was noncommittal.
You were not hungry.

You visited 2 branches of the dungeon, and saw 9 of its levels.

You collected 343 gold pieces.
You spent 94 gold pieces at shops.

Inventory:

Hand Weapons
 a - a +0 war axe
 L - a +2 war axe of venom (weapon)
Armour
 c - a +0 shield (worn)
 g - a cursed +0 cloak (worn)
 h - a +0 pair of gloves (worn)
 H - a +0 plate armour (worn)
Jewellery
 o - a ring of positive energy (left hand)
 B - a ring of positive energy (right hand)
Wands
 b - a wand of draining (10)
 K - a wand of disintegration (19)
Scrolls
 j - a scroll of noise {unknown}
 k - 11 scrolls of identify {unknown}
 m - 5 scrolls of teleportation {unknown}
 n - 3 scrolls of remove curse {unknown}
 s - 2 scrolls of enchant armour {unknown}
 t - 2 scrolls of blinking {unknown}
 v - 2 scrolls of fear {unknown}
 w - a scroll of amnesia {unknown}
 y - a scroll of random uselessness {unknown}
 A - 2 scrolls of enchant weapon {unknown}
 C - 2 scrolls of immolation {unknown}
Potions
 d - 2 potions of might
 f - 3 potions of degeneration {unknown}
 l - 2 potions of brilliance {unknown}
 p - a potion of experience {unknown}
 q - a potion of magic {unknown}
 r - a potion of lignification {unknown}
 u - a potion of mutation {unknown}
 x - a potion of poison {unknown}
 z - 3 potions of heal wounds {unknown}
 D - 3 potions of curing {unknown}
 E - a potion of beneficial mutation {unknown}
 G - 2 potions of cure mutation {unknown}
Comestibles
 e - 2 bread rations
 i - 2 royal jellies
 F - a beef jerky
 I - a meat ration
 J - 8 fruits


   Skills:
 + Level 6.7 Fighting
 * Level 7.4 Axes
 + Level 6.4 Armour
 + Level 4.5 Dodging
 + Level 7.0 Shields


You had 8 spell levels left.
You didn't know any spells.

Dungeon Overview and Level Annotations

Branches:
Dungeon (7/15)             Temple (1/1) D:4             Orc (0/4) D:9

Altars:
Cheibriados
Dithmenos
Elyvilon
Fedhas
Gozag
Kikubaaqudgha
Ru
Sif Muna
Vehumet
Xom
Yredelemnul
Zin

Shops:
D:6 *   D:9 (

Annotations:
D:3 Proton's ghost, amateur FoFi
D:9 Grum


Innate Abilities, Weirdness & Mutations

You are under a permanent stasis effect.
You can dig through walls and to a lower floor.
Your four strong arms can wield two-handed weapons with a shield.
You have a pair of large antennae on your head (SInv).
Your body sometimes deteriorates upon taking damage.
You are covered in fur (AC +1).


Message History

Grum is severely wounded.
You miss the wolf.
The wolf is moderately wounded.
You block the wolf's attack. Grum hits you but does no damage.
The wolf bites you but does no damage.
You hit Grum.
Grum looks even sicker.
Grum is severely wounded.
You closely miss the wolf.
The wolf is heavily wounded.
You block the wolf's attack. Grum hits you but does no damage.
The wolf closely misses you. Grum hits you with an enchanted spear!
* * * LOW HITPOINT WARNING * * *
You barely miss Grum.
Grum is severely wounded.
You hit the wolf.
The wolf looks even sicker.
The wolf is severely wounded.
The wolf barely misses you. The wolf bites you.
* * * LOW HITPOINT WARNING * * *
Grum hits you with an enchanted spear!
You die...

#......## #...
##.......##.....
##........#..........
#....................
#....................
##....................
#.....................
#........@............
...>....gh............
#.....................
.......∩..............
...[......†...........
......................
....#.................
...####...............
.. #...............


You could see Grum and a wolf.

Vanquished Creatures
  The ghost of Proton the Shield-Bearer, a novice FoFi of Ru (D:7)
  Prince Ribbit (D:9)
  A hippogriff (D:7)
  2 wolves (D:9)
  Menkaure (D:6)
  A phantom (D:6)
  2 sky beasts
  A centaur (D:5)
  A giant frog (D:7)
  2 scorpions
  2 hounds (D:7)
  2 crimson imps
  A giant frog skeleton (D:5)
  5 orc wizards
  3 orc priests
  5 worker ants
  2 hound zombies
  2 hound skeletons
  A worker ant zombie (D:6)
  5 adders
  A shadow imp (D:7)
  2 oozes
  An adder zombie (D:6)
  2 worms (D:2)
  8 giant geckos
  23 orcs
  A ball python (D:5)
  3 bats
  8 hobgoblins
  3 quokkas
  5 giant cockroaches
  3 giant newts
  10 goblins
  10 kobolds
  8 rats
129 creatures vanquished.

Notes
Turn   | Place    | Note
--------------------------------------------------------------
     0 | D:1      | Proton the Formicid Fighter began the quest for the Orb.
     0 | D:1      | Reached XP level 1. HP: 18/18 MP: 1/1
    42 | D:1      | Reached XP level 2. HP: 18/24 MP: 2/2
   221 | D:1      | Reached skill level 4 in Shields
   400 | D:1      | Reached XP level 3. HP: 29/29 MP: 3/3
   620 | D:2      | Found a basalt altar of Yredelemnul.
   623 | D:2      | Found a shadowy altar of Dithmenos.
   654 | D:2      | Found a shimmering altar of Xom.
   913 | D:2      | Reached skill level 1 in Dodging
  1077 | D:2      | Reached XP level 4. HP: 35/35 MP: 4/4
  1171 | D:3      | Reached XP level 5. HP: 27/42 MP: 5/5
  1473 | D:3      | Found a faded altar to an unknown god.
  1599 | D:3      | Noticed Proton's ghost (amateur FoFi)
  1918 | D:4      | Reached XP level 6. HP: 47/49 MP: 6/6
  2031 | D:4      | Found a staircase to the Ecumenical Temple.
  2039 | Temple   | Entered the Ecumenical Temple
  2245 | Temple   | Became a worshipper of Ru the Awakened
  2473 | D:4      | Found a deep blue altar of Sif Muna.
  3136 | D:5      | Entered Level 5 of the Dungeon
  3214 | D:5      | Noticed a sky beast
  3354 | D:6      | Noticed Menkaure
  4055 | D:5      | Reached XP level 7. HP: 21/55 MP: 7/7
  4225 | D:5      | Reached skill level 5 in Shields
  4874 | D:6      | Reached skill level 5 in Fighting
  4963 | D:7      | Noticed Proton's ghost (novice FoFi)
  5043 | D:6      | Reached XP level 8. HP: 62/62 MP: 8/8
  5133 | D:6      | Reached skill level 5 in Axes
  5133 | D:6      | Reached skill level 5 in Armour
  5193 | D:6      | Found Roonarint's General Store.
  5279 | D:6      | Killed Menkaure
  5468 | D:7      | Gained mutation: Your mind is acute. (Int +2) [mutagenic meat]
  5469 | D:7      | Gained mutation: You are covered in fur (AC +1). [mutagenic meat]
  5470 | D:7      | Gained mutation: Your body sometimes deteriorates upon taking damage. [mutagenic meat]
  5471 | D:7      | Lost mutation: Your mind is acute. (Int +2) [mutagenic meat]
  5719 | D:7      | Reached skill level 6 in Axes
  5719 | D:7      | Reached XP level 9. HP: 54/69 MP: 9/9
  5741 | D:7      | Killed Proton's ghost
  5741 | D:7      | Reached skill level 7 in Axes
  5779 | D:7      | You fall through a shaft for 2 floors!
  5779 | D:9      | Found Ciwkojee's Antique Weapon Boutique.
  6083 | D:9      | Found a staircase to the Orcish Mines.
  6089 | D:9      | Noticed Prince Ribbit
  6093 | D:9      | Bought a glowing war axe for 94 gold pieces
  6100 | D:9      | Noticed Grum
  6106 | D:9      | Killed Prince Ribbit
  6117 | D:9      | Slain by Grum

Vault maps used:
D:1:      eino_arrival_tree_alley, st_stairs_11
D:2:      old_standard_altar, minitemple
D:3:      ecumenical_altar_1
D:4:      marbit_many_paths, minmay_temple_entry_large_hall, first_bread
D:6:      serial_shops, shop, uniq_menkaure
D:7:      ashenzari_altar_1, grunt_temple_overflow_open,
          minmay_misc_feat_pillars, grunt_ogre_cave
D:9:      kennysheep_okawaru_gauntlet, orc_0_dummy, serial_shops, shop,
          uniq_prince_ribbit1, uniq_grum
Temple:   minmay_temple_curvy_8

Action                   |  1- 3 |  4- 6 |  7- 9 || total
-------------------------+-------+-------+-------++-------
Melee: War axe           |    92 |   219 |   247 ||   558
Invok: Reject Sacrifices |       |       |     1 ||     1
 Abil: Dig               |       |     3 |       ||     3
       Shaft Self        |       |       |     1 ||     1
  Eat: Beef jerky        |       |     1 |       ||     1
       Meat ration       |       |     1 |     1 ||     2
       Bread ration      |       |     1 |     1 ||     2
       Chunk             |       |       |     4 ||     4
